[Event "Titled Tuesday Blitz July 27 2021"]
[White "Nguyen Hong Nhung"]
[Black "Maly, Alexey"]
[WhiteFideId "12412201"]
[BlackFideId "14103184"]
[WhiteElo "1661"]
[BlackElo "2285"]
[Result "1-0"]
[Round "07"]
[TimeControl "180+1"]
[Date "2021.07.27"]
[WhiteClock "0:00:46"]
[BlackClock "0:00:16"]

1. e4 c6 2. d4 d5 3. f3 dxe4 4. fxe4 e5 5. Nf3 Bg4 6. Bc4 Nd7 7. O-O Ngf6 8. c3 b5 9. Bb3 Bd6 10. Bg5 Qc7 11. Nbd2 O-O 12. Qe1 Bh5 13. Qh4 Rae8 14. Rae1 Bg6 15. Bxf6 Nxf6 16. Ng5 h6 17. Rxf6 hxg5 18. Qxg5 Be7 19. Qxg6 Bxf6 20. Rf1 Qe7 21. Rf5 Qe6 22. Bxe6 Rxe6 23. Qg4 exd4 24. cxd4 Bxd4+ 25. Kh1 Bxb2 26. h4 Rfe8 27. Rf1 Bc3 28. Nf3 Rxe4 29. Qd7 Bf6 30. Qxc6 Bxh4 31. Nxh4 Rxh4+ 32. Kg1 Rhe4 33. Qxb5 R4e6 34. a4 a6 35. Qb7 R8e7 36. Qc8+ Re8 37. Qc4 g6 38. Rd1 Re1+ 39. Rxe1 Rxe1+ 40. Kf2 Re6 41. a5 Kh7 42. Kf3 Rf6+ 43. Ke4 Kg7 44. Qd4 g5 45. Kd5 Kg6 46. Kc5 Re6 47. Qd3+ Kg7 48. Qf5 Kf8 49. Qxg5 Ke8 50. Qg8+ Ke7 51. Qg5+ Ke8 52. Qd5 Ke7 53. g4 Rg6 54. g5 Kf8 55. Qf5 Re6 56. Kd5 Rg6 57. Qxg6 fxg6 58. Ke6 Kg7 59. Ke7 Kg8 60. Kf6 Kh7 61. Kf7 Kh8 62. Kxg6 Kg8 63. Kf6 Kh8 64. g6 Kg8 65. g7 Kh7 66. Kf7 Kh6 67. g8=Q Kh5 68. Qg6+ Kh4 69. Kf6 Kh3 70. Kf5 Kh2 71. Kf4 Kh1 72. Kf3 Kh2 73. Qg2# 1-0


[Site "https://www.chess.com"]

[Event "Titled Tuesday Blitz July 27 2021"]
[White "Nogerbek, Kazybek"]
[Black "Katz, Alexander"]
[WhiteFideId "13710427"]
[BlackFideId "2039796"]
[WhiteElo "2466"]
[BlackElo "2371"]
[Result "1-0"]
[Round "07"]
[TimeControl "180+1"]
[Date "2021.07.27"]
[WhiteClock "0:00:11"]
[BlackClock "0:00:07"]

1. d4 Nf6 2. c4 e6 3. Nc3 Bb4 4. Qc2 O-O 5. a3 Bxc3+ 6. Qxc3 d5 7. Nf3 b6 8. Bg5 Ba6 9. e3 dxc4 10. Bxc4 Bxc4 11. Qxc4 Qd5 12. Qxd5 Nxd5 13. Rc1 Rc8 14. e4 Nf6 15. Bxf6 gxf6 16. Ke2 Nd7 17. Rc6 Nb8 18. Rc3 a5 19. Rhc1 Na6 20. Rc6 Kf8 21. g4 Ke7 22. h4 Kd7 23. g5 Nc5 24. dxc5 Kxc6 25. gxf6 bxc5 26. Ne5+ Kb5 27. Rg1 Rg8 28. Rd1 Rad8 29. Rc1 Rg2 30. a4+ Kxa4 31. Rxc5 Rd4 32. Kf3 Rh2 33. Kg3 Rh1 34. f3 Rdd1 35. Nxf7 Rdg1+ 36. Kf4 Rxh4+ 37. Ke3 Re1+ 38. Kf2 Rb1 39. Ne5 Rf4 40. f7 Rxb2+ 41. Ke3 Rf6 42. Rxc7 Rb3+ 43. Kf2 Rb5 44. Ng4 Rf4 45. Kg3 Rc5 46. Kxf4 Rxc7 47. f8=Q 1-0


[Site "https://www.chess.com"]

[Event "Titled Tuesday Blitz July 27 2021"]
[White "Nugumanov, Bakhtiyar"]
[Black "Kobo, Ori"]
[WhiteFideId "13701797"]
[BlackFideId "2812320"]
[WhiteElo "2541"]
[BlackElo "2729"]
[Result "0-1"]
[Round "07"]
[TimeControl "180+1"]
[Date "2021.07.27"]
[WhiteClock "0:00:04"]
[BlackClock "0:00:05"]

1. e4 g6 2. d4 Bg7 3. Nc3 c6 4. Nf3 d5 5. h3 dxe4 6. Nxe4 Nf6 7. Nxf6+ exf6 8. Bc4 O-O 9. O-O Na6 10. Re1 Nc7 11. Bb3 Be6 12. Bf4 Bxb3 13. axb3 Ne6 14. Bg3 Qd7 15. c3 Rfe8 16. Qc2 a6 17. Re2 Rad8 18. Rae1 Bf8 19. Nd2 f5 20. Nc4 f6 21. Bh2 Qf7 22. Na5 Ng5 23. h4 Ne6 24. Nxb7 Nxd4 25. cxd4 Rxe2 26. Qxe2 Qxb7 27. Qe6+ Kg7 28. Rc1 Rxd4 29. h5 Qd7 30. Qe2 Rd2 31. Qxa6 Bc5 32. h6+ Kf8 33. Qa8+ Kf7 34. Kh1 Bxf2 35. Qh8 Rd1+ 36. Bg1 Rxc1 37. Qxh7+ Ke6 38. Qg8+ Kd6 39. h7 Rxg1+ 40. Kh2 Kc7 41. h8=Q Qd6+ 42. Kh3 Qg3# 0-1


[Site "https://www.chess.com"]

[Event "Titled Tuesday Blitz July 27 2021"]
[White "Obregon, Andres Carlos"]
[Black "Makhnev, Denis"]
[WhiteFideId "111724"]
[BlackFideId "13707647"]
[WhiteElo "2572"]
[BlackElo "2537"]
[Result "1-0"]
[Round "07"]
[TimeControl "180+1"]
[Date "2021.07.27"]
[WhiteClock "0:00:18"]
[BlackClock "0:00:21"]

1. d4 Nf6 2. Bf4 e6 3. e3 c5 4. Nd2 d5 5. c3 Bd6 6. Bg3 Qc7 7. Ngf3 Nbd7 8. dxc5 Nxc5 9. c4 Bxg3 10. hxg3 O-O 11. cxd5 exd5 12. Qc2 Qb6 13. Rc1 Be6 14. Be2 Rac8 15. O-O d4 16. Nxd4 Nb3 17. Nc4 Nxc1 18. Rxc1 Qa6 19. a4 Bd5 20. b3 Rfd8 21. f3 g6 22. Kf2 Ne8 23. Qb2 Qf6 24. Rd1 Ng7 25. Na3 Nf5 26. Qb1 Nxd4 27. Rxd4 Be6 28. Nb5 a6 29. Nd6 Qxd4 30. exd4 Rxd6 31. Qe4 Bd5 32. Qe7 Rcd8 33. b4 R6d7 34. Qc5 Be6 35. Qb6 Rxd4 36. Qxb7 Rd2 37. Ke3 Rb2 38. Bxa6 Re8 39. Kf4 f6 40. Qb6 g5+ 41. Ke3 Bc8+ 42. Kd3 Bf5+ 43. Kc3 Rc2+ 44. Kb3 Re3+ 45. Qxe3 Rc6 46. Bc4+ Be6 47. b5 Bxc4+ 48. Kb4 Rc8 49. b6 Bd5 50. Qd4 Bc6 51. Qxf6 Bb7 52. Qxg5+ Kf7 53. Qf5+ Ke7 54. Qxh7+ Kd6 55. Qxb7 Rc1 56. Qc7+ Rxc7 57. bxc7 Kxc7 58. g4 Kd7 59. g5 Ke6 60. a5 Kf5 61. a6 Kg6 62. a7 Kh5 63. a8=Q Kh4 64. Qc6 Kg3 65. Kc4 Kf2 66. g6 Ke3 67. g7 Kf4 68. g8=Q Ke3 69. f4 Kf2 70. f5 Ke3 71. f6 Kf2 72. f7 Ke1 73. f8=Q Kd2 74. Qcd5+ Kc2 75. Qf2+ 1-0


[Site "https://www.chess.com"]

[Event "Titled Tuesday Blitz July 27 2021"]
[White "Omk124"]
[Black "Jodorcovsky Werjivker, Paulo"]
[BlackFideId "3700305"]
[WhiteElo "2581"]
[BlackElo "2142"]
[Result "1-0"]
[Round "07"]
[TimeControl "180+1"]
[Date "2021.07.27"]
[WhiteClock "0:01:44"]
[BlackClock "0:00:47"]

1. e4 e5 2. Nf3 Nc6 3. Bc4 Nf6 4. d3 Be7 5. O-O O-O 6. Re1 d5 7. exd5 Nxd5 8. Nxe5 Bc5 9. Nxc6 bxc6 10. d4 Bb6 11. c3 Qh4 12. Nd2 Bg4 13. Nf3 Qh5 14. Re5 Bxf3 15. Qxf3 Qxf3 16. gxf3 Rae8 17. f4 f6 18. Rxe8 Rxe8 19. Bd2 Kf8 20. Kf1 Ne7 21. a4 a5 22. Bd3 c5 23. dxc5 Bxc5 24. b4 Bb6 25. c4 axb4 26. Bxb4 c5 27. a5 Ra8 28. Bd2 Nc6 29. Be4 Nxa5 30. Bxa8 Nxc4 31. Bc1 Nd6 32. Ra6 Bc7 33. Bd5 Nf5 34. Be4 Nd4 35. Be3 1-0


[Site "https://www.chess.com"]

[Event "Titled Tuesday Blitz July 27 2021"]
[White "Oparin, Grigoriy"]
[Black "Priasmoro, Novendra"]
[WhiteFideId "24125890"]
[BlackFideId "7105029"]
[WhiteElo "2628"]
[BlackElo "2309"]
[Result "1-0"]
[Round "07"]
[TimeControl "180+1"]
[Date "2021.07.27"]
[WhiteClock "0:00:03"]
[BlackClock "0:00:01"]

1. g3 Nf6 2. Bg2 g6 3. c4 Bg7 4. Nc3 O-O 5. e4 d6 6. Nge2 e5 7. O-O Nc6 8. d4 exd4 9. Nxd4 Bd7 10. Nxc6 Bxc6 11. Qc2 Re8 12. Nd5 h6 13. Bd2 Kh7 14. Rad1 Nd7 15. Rfe1 a5 16. h4 h5 17. Bg5 f6 18. Be3 Ne5 19. c5 Rc8 20. Bd2 Bxd5 21. exd5 dxc5 22. Qxc5 b6 23. Qc2 Qd6 24. Bc3 f5 25. Re2 Re7 26. Bd2 Bh6 27. Bxh6 Kxh6 28. Rde1 Rce8 29. Qc3 Kh7 30. Qe3 Nc6 31. Qd2 Rxe2 32. Rxe2 Rxe2 33. Qxe2 Ne5 34. Qe3 Kg7 35. a3 Nf7 36. Qd2 c5 37. Bf1 Qe5 38. b4 axb4 39. axb4 Qd4 40. Qxd4+ cxd4 41. f4 Nd6 42. Kf2 Kf6 43. Ke2 Ne4 44. Kd3 Nxg3 45. Bg2 Ke7 46. Bf3 Kd6 47. Kxd4 Nf1 48. Kd3 Nh2 49. Bg2 Ng4 50. Kd4 Nf6 51. Kc4 Ne4 52. Kb5 Nc3+ 53. Kxb6 Ne2 54. Bf3 Nxf4 55. b5 Nxd5+ 56. Ka7 Ne7 57. Kb7 f4 58. Be4 Kc5 59. b6 Kd4 60. Bh1 Ke3 61. Kc7 f3 62. Bxf3 Kxf3 63. b7 Nd5+ 64. Kd6 Nf4 65. b8=Q Kg4 66. Qb4 Kg3 67. Qa3+ Kxh4 68. Ke7 g5 69. Kf6 Kg4 70. Ke5 h4 71. Qa1 h3 72. Qg1+ Kf3 73. Qh2 Kg4 74. Ke4 Ng2 75. Qb8 Nf4 76. Qh8 Kg3 77. Qh6 h2 78. Qxg5+ Kh3 79. Qh6+ Kg2 80. Qg5+ Kh3 81. Kxf4 h1=Q 82. Qg3# 1-0


[Site "https://www.chess.com"]

[Event "Titled Tuesday Blitz July 27 2021"]
[White "Ozen, Bahadir"]
[Black "Vokhidov, Shamsiddin"]
[WhiteFideId "6337058"]
[BlackFideId "14204223"]
[WhiteElo "2503"]
[BlackElo "2572"]
[Result "0-1"]
[Round "07"]
[TimeControl "180+1"]
[Date "2021.07.27"]
[WhiteClock "0:00:01"]
[BlackClock "0:00:14"]

1. Nf3 c5 2. e3 g6 3. d4 Bg7 4. Be2 Nf6 5. O-O O-O 6. dxc5 Qa5 7. a3 Qxc5 8. b4 Qc7 9. Bb2 b6 10. c4 Bb7 11. Nc3 d6 12. Rc1 Nbd7 13. Qb3 Rac8 14. Nd5 Qd8 15. Nc3 Re8 16. Rfd1 Qc7 17. Nd5 Qb8 18. Nxf6+ Nxf6 19. Bd4 Rc7 20. Qb2 Rec8 21. Qa1 Ba6 22. Nd2 Bb7 23. h3 Qa8 24. Bf1 Ba6 25. Bb2 Ne8 26. Bxg7 Nxg7 27. a4 Nf5 28. a5 Bb7 29. axb6 axb6 30. Qb2 Qb8 31. Ra1 Bc6 32. Ra3 Qb7 33. Re1 b5 34. cxb5 Bxb5 35. Bxb5 Qxb5 36. Ra5 Qd3 37. Nf3 Rc2 38. Qb1 Qc3 39. Ra1 Rb2 40. Qc1 Rxb4 41. Qxc3 Rxc3 42. Rec1 Rxc1+ 43. Rxc1 Rb7 44. g4 Nh6 45. Rc8+ Kg7 46. Ng5 Ng8 47. Kg2 Nf6 48. Ra8 h6 49. Nf3 Rb2 50. Ra4 d5 51. Ra1 Ne4 52. Rf1 f6 53. Nd4 e5 54. Nf3 Kf7 55. Nh4 Nd2 56. Rd1 Nc4 57. Kg1 Nd2 58. Kh1 Ne4 59. Rxd5 Nxf2+ 60. Kg2 Nxg4+ 61. Kg3 Nxe3 62. Rd7+ Ke6 63. Rb7 Nf5+ 64. Nxf5 Rxb7 65. Ng7+ 0-1


[Site "https://www.chess.com"]

[Event "Titled Tuesday Blitz July 27 2021"]
[White "Parkhov, Yair"]
[Black "Krivonosov, Oleg"]
[WhiteFideId "2813408"]
[BlackFideId "11600349"]
[WhiteElo "2496"]
[BlackElo "2687"]
[Result "1/2-1/2"]
[Round "07"]
[TimeControl "180+1"]
[Date "2021.07.27"]
[WhiteClock "0:01:17"]
[BlackClock "0:01:37"]

1. e4 e5 2. Nf3 Nc6 3. Bb5 Nf6 4. O-O Nxe4 5. Re1 Nd6 6. Nxe5 Nxe5 7. Rxe5+ Be7 8. Bf1 O-O 9. d4 Bf6 10. Re1 Re8 11. c3 Rxe1 12. Qxe1 Qe7 13. Qxe7 Bxe7 14. Bf4 b6 15. Na3 Bb7 16. Re1 Kf8 17. Bxd6 Bxd6 18. Nb5 Bc6 19. Nxd6 cxd6 20. f3 d5 21. Kf2 h6 22. f4 Re8 23. Rxe8+ Kxe8 24. h4 Ke7 25. g4 f6 26. g5 Ke6 27. Bh3+ Ke7 28. Ke3 Bb5 29. Bg2 Kd6 30. gxh6 gxh6 31. Bf3 Bf1 32. a3 Bh3 33. Kf2 Bf5 34. Kg3 a5 35. Bg4 Bc2 36. Be2 Bf5 37. Bf1 Ke7 38. Bh3 Bxh3 39. Kxh3 f5 40. Kg3 Kd6 41. a4 Kc6 42. Kf3 b5 43. b3 bxa4 44. bxa4 Kb6 45. Ke3 Kc6 46. Kd3 h5 47. Kc2 Kc7 48. Kb3 Kc6 49. Kb2 Kc7 50. Kc2 Kb6 51. Kd2 Kc7 52. Kd3 Kc6 53. Ke2 Kc7 54. Kd1 Kb6 55. Kc2 Kc7 56. Kb3 Kc6 57. c4 dxc4+ 58. Kxc4 d5+ 59. Kd3 1/2-1/2


[Site "https://www.chess.com"]

[Event "Titled Tuesday Blitz July 27 2021"]
[White "Pelopidass"]
[Black "Carroll, Thomas"]
[BlackFideId "450111"]
[WhiteElo "2575"]
[BlackElo "1950"]
[Result "1-0"]
[Round "07"]
[TimeControl "180+1"]
[Date "2021.07.27"]
[WhiteClock "0:00:04"]
[BlackClock "0:00:03"]

1. e4 c5 2. Nf3 d6 3. d4 cxd4 4. Nxd4 Nf6 5. Nc3 a6 6. h3 e5 7. Nf3 h5 8. g3 Be7 9. Bg2 O-O 10. O-O Be6 11. Ng5 Bc4 12. Re1 g6 13. b3 Bb5 14. a4 Bc6 15. Ba3 b5 16. Qd2 bxa4 17. bxa4 Nfd7 18. h4 Nb6 19. Qd3 Nxa4 20. Nd5 Bxd5 21. Qxd5 Nb6 22. Qb7 N8d7 23. Bh3 Rb8 24. Qxa6 Nf6 25. Qd3 d5 26. exd5 Bxa3 27. Rxa3 Qxd5 28. Qxd5 Nbxd5 29. Rxe5 Rfe8 30. Rxe8+ Rxe8 31. Kf1 Ng4 32. Bxg4 hxg4 33. Ra7 Ne7 34. Ne4 Kf8 35. Nf6 Rc8 36. Ra2 Nf5 37. Nxg4 Nd4 38. Ne3 f5 39. Ke1 Kf7 40. Kd2 f4 41. Ra7+ Ke6 42. gxf4 Nf3+ 43. Ke2 Nxh4 44. Ra6+ Kf7 45. c4 Nf5 46. Nxf5 gxf5 47. Kd3 Ke7 48. Kd4 Rd8+ 49. Ke5 Rd2 50. Kxf5 Rxf2 51. Ra7+ Kd6 52. Kg5 Rg2+ 53. Kf6 Rc2 54. f5 Rxc4 55. Kg6 Rg4+ 56. Kf7 Ke5 57. f6 Rf4 58. Ra5+ Kd6 59. Kg7 Rg4+ 60. Kf8 Ke6 61. f7 Rh4 62. Ra6+ Kd7 63. Kg7 Rg4+ 64. Rg6 Rf4 65. f8=Q Rf6 66. Rxf6 1-0


[Site "https://www.chess.com"]

[Event "Titled Tuesday Blitz July 27 2021"]
[White "Pinheiro, Iung Alicio de O."]
[Black "Tanenbaum, Zachary"]
[WhiteFideId "2104350"]
[BlackFideId "2060850"]
[WhiteElo "2468"]
[BlackElo "2165"]
[Result "1-0"]
[Round "07"]
[TimeControl "180+1"]
[Date "2021.07.27"]
[WhiteClock "0:00:22"]
[BlackClock "0:00:03"]

1. e4 e5 2. Bc4 Nc6 3. d3 Nf6 4. Nc3 Na5 5. Qf3 Bc5 6. Nge2 d6 7. h3 O-O 8. a4 Nxc4 9. dxc4 h6 10. Ng3 Be6 11. b3 a5 12. O-O Nd7 13. Bd2 c6 14. Rad1 Qh4 15. Rfe1 g6 16. Be3 Bb4 17. Bd2 f5 18. exf5 gxf5 19. Qh5 Qf6 20. Nb1 Bxd2 21. Rxd2 d5 22. cxd5 cxd5 23. Nc3 d4 24. Nb5 Rac8 25. Qe2 Kh7 26. Nxd4 Rg8 27. Nxe6 Qxe6 28. Qd3 Nc5 29. Qxf5+ Qxf5 30. Nxf5 Rgd8 31. Rxd8 Rxd8 32. Rxe5 b6 33. Ne3 Rd2 34. Re7+ Kg6 35. Re8 Kf7 36. Rb8 Ne4 37. f3 Ng3 38. Rxb6 h5 39. h4 Re2 40. Nc4 Rxc2 41. Ne5+ Ke7 42. Ng6+ Kf7 43. Nf4 Ke7 44. Rb5 Rb2 45. Nxh5 Ne2+ 46. Kh2 Nd4 47. Rxa5 Nxf3+ 48. Kg3 Ne1 49. Rb5 Rxg2+ 50. Kh3 Rg1 51. Ng3 Nf3 52. h5 Rb1 53. a5 Rb2 54. a6 Ra2 55. Rb6 Ne5 56. h6 Nd7 57. Rg6 Ne5 58. Nf5+ Kf7 59. Rb6 Nd7 60. h7 Nxb6 61. h8=Q Rxa6 62. Qh7+ Ke6 63. Qb7 Ra2 64. Nd4+ Ke5 65. Qxb6 Rd2 66. Qc5+ Ke4 67. Ne6 Rd3+ 68. Kg4 Rxb3 69. Qc4+ Ke5 70. Qxb3 Ke4 71. Nf4 Ke5 72. Qe6+ Kd4 73. Qd5+ Ke3 74. Qd3+ Kf2 75. Qe2+ Kg1 76. Qg2# 1-0


[Site "https://www.chess.com"]

[Event "Titled Tuesday Blitz July 27 2021"]
[White "Poormosavi, Seyed Kian"]
[Black "Araujo Sanchez, Josue"]
[WhiteFideId "12585807"]
[BlackFideId "6416896"]
[WhiteElo "2538"]
[BlackElo "2722"]
[Result "0-1"]
[Round "07"]
[TimeControl "180+1"]
[Date "2021.07.27"]
[WhiteClock "0:00:07"]
[BlackClock "0:01:29"]

1. e4 d5 2. exd5 Qxd5 3. Nf3 Qd6 4. Be2 Nf6 5. O-O g6 6. d4 Bg7 7. c4 O-O 8. Nc3 c6 9. Be3 Bf5 10. Qb3 Nbd7 11. Rad1 Qc7 12. Rfe1 h6 13. d5 cxd5 14. cxd5 Ng4 15. Bd4 Nde5 16. g3 Rfd8 17. Nxe5 Nxe5 18. f4 Ng4 19. Bxg7 Kxg7 20. Qb4 e5 21. d6 Qc6 22. Bf1 a5 23. Qa3 Qb6+ 24. Kh1 Nf2+ 25. Kg2 Bh3+ 26. Kf3 Bg4+ 27. Kg2 exf4 28. Nd5 f3+ 29. Qxf3 Bxf3+ 30. Kxf3 Qc5 0-1


[Site "https://www.chess.com"]

[Event "Titled Tuesday Blitz July 27 2021"]
[White "Pourkashiyan, Atousa"]
[Black "Murzin, Volodar"]
[WhiteFideId "12502014"]
[BlackFideId "44155573"]
[WhiteElo "2557"]
[BlackElo "2755"]
[Result "1-0"]
[Round "07"]
[TimeControl "180+1"]
[Date "2021.07.27"]
[WhiteClock "0:00:50"]
[BlackClock "0:00:02"]

1. e4 c6 2. d4 d5 3. Nd2 dxe4 4. Nxe4 Bf5 5. Ng3 Bg6 6. h4 h6 7. Nf3 e6 8. h5 Bh7 9. Bd3 Bxd3 10. Qxd3 Nf6 11. Bd2 c5 12. O-O-O Nc6 13. Be3 Rc8 14. dxc5 Qxd3 15. Rxd3 Nd5 16. Ne4 Ncb4 17. Ra3 Nxe3 18. fxe3 Bxc5 19. Kb1 a6 20. Rc3 b6 21. Nd6+ Ke7 22. Nxc8+ Rxc8 23. e4 a5 24. Ne5 f6 25. Nd3 Nxd3 26. Rxd3 Rc6 27. Rhd1 Bd6 28. c3 b5 29. a3 a4 30. Kc2 Rb6 31. g4 Rc6 32. Rd4 Rb6 33. Kd3 Rc6 34. c4 Be5 35. cxb5 Rb6 36. Rxa4 Rxb5 37. b4 f5 38. gxf5 exf5 39. exf5 Bf6 40. Ra7+ Kf8 41. Rf1 Rd5+ 42. Kc4 Rd2 43. a4 Rc2+ 44. Kb5 Rb2 45. Rb7 1-0


[Site "https://www.chess.com"]

[Event "Titled Tuesday Blitz July 27 2021"]
[White "Provotorov, Ivan"]
[Black "Melikhov, Evgeny V."]
[WhiteFideId "4154657"]
[BlackFideId "4122046"]
[WhiteElo "2270"]
[BlackElo "1965"]
[Result "1-0"]
[Round "07"]
[TimeControl "180+1"]
[Date "2021.07.27"]
[WhiteClock "0:02:07"]
[BlackClock "0:01:09"]

1. c4 e6 2. Nc3 d5 3. d4 Bb4 4. cxd5 exd5 5. Nf3 Nf6 6. Bg5 h6 7. Bh4 c5 8. e3 g5 9. Bg3 Qa5 10. Qc2 Ne4 11. Bd3 Nxc3 12. bxc3 Bxc3+ 13. Ke2 Bxa1 14. Rxa1 c4 15. Bf5 Nc6 16. Bxc8 Rxc8 17. Qf5 Qd8 18. Ne5 O-O 19. Nd7 Ne7 20. Nf6+ Kg7 21. Nh5+ Kg8 22. Qf6 Nf5 23. Qxf5 Rc6 24. Be5 f6 25. Qg6+ Kh8 26. Qg7# 1-0


[Site "https://www.chess.com"]

[Event "Titled Tuesday Blitz July 27 2021"]
[White "Prydun, Andriy"]
[Black "Lodici, Lorenzo"]
[WhiteFideId "14145898"]
[BlackFideId "884189"]
[WhiteElo "2024"]
[BlackElo "2265"]
[Result "0-1"]
[Round "07"]
[TimeControl "180+1"]
[Date "2021.07.27"]
[WhiteClock "0:00:01"]
[BlackClock "0:00:43"]

1. d4 Nf6 2. Nc3 d5 3. Bf4 a6 4. e3 b5 5. Bd3 e6 6. g4 c5 7. g5 Nfd7 8. h4 Nc6 9. h5 c4 10. Be2 Nb6 11. Bf3 Bd6 12. Nce2 Bxf4 13. exf4 Qd6 14. Qd2 b4 15. a3 c3 16. bxc3 Nc4 17. Qd3 bxa3 18. g6 f5 19. h6 hxg6 20. hxg7 Rg8 21. Rh7 Ra7 22. Nh3 Raxg7 23. Rh4 Bd7 24. Ng5 Ke7 25. Nc1 N6a5 26. Qe2 Bb5 27. Nd3 Nb2 28. Ra2 Bc4 29. Rxb2 axb2 30. Qd1 Bxd3 31. cxd3 Qa3 32. Kd2 Qa2 0-1


[Site "https://www.chess.com"]

[Event "Titled Tuesday Blitz July 27 2021"]
[White "Quparadze, Giga"]
[Black "Tang, Andrew"]
[WhiteFideId "13602250"]
[BlackFideId "2059630"]
[WhiteElo "2658"]
[BlackElo "2599"]
[Result "1-0"]
[Round "07"]
[TimeControl "180+1"]
[Date "2021.07.27"]
[WhiteClock "0:00:08"]
[BlackClock "0:00:03"]

1. e4 e5 2. Nf3 Nc6 3. Bb5 g6 4. c3 a6 5. Ba4 Bg7 6. d4 exd4 7. cxd4 b5 8. Bb3 Na5 9. Bc2 Ne7 10. O-O O-O 11. Nc3 d6 12. h3 c5 13. b3 Bb7 14. Bb2 cxd4 15. Nxd4 d5 16. Re1 dxe4 17. Nxe4 Nd5 18. Rc1 Rc8 19. Ba1 Qb6 20. Qd2 Rfd8 21. Bb1 Nc7 22. Nc5 Ba8 23. Red1 Nc6 24. Nxc6 Rxd2 25. Ne7+ Kf8 26. Rxd2 Kxe7 27. Bxg7 Ne6 28. Bf6+ Kxf6 29. Nd7+ Ke7 30. Nxb6 Rxc1+ 31. Kh2 Bc6 32. Bc2 Nf4 33. f3 h5 34. b4 h4 35. Bb3 Nh5 36. Nd5+ Bxd5 37. Rxd5 Ng3 38. Rd1 Rc3 39. Re1+ Kf8 40. Kg1 Rc6 41. Kf2 Rd6 42. Ke3 Nf5+ 43. Kf2 Rd4 44. Re4 Rd2+ 45. Re2 Rd6 46. Re4 Rc6 47. Re2 Nd4 48. Re4 Nf5 49. Re2 Kg7 50. Rd2 Kf6 51. Rd7 Nd6 52. Ke3 Ke5 53. f4+ Kf6 54. Bd5 Rb6 55. Kd4 g5 56. Kc5 Nc8 57. Rxf7+ Kg6 58. f5+ Kh6 59. Rc7 Rb8 60. f6 Nb6 61. f7 Kg7 62. Bb3 Kf8 63. Rc6 Nd7+ 64. Kd4 Ra8 65. Rg6 Ke7 66. Rg8 Nf8 67. Rxg5 Rd8+ 68. Rd5 Rc8 69. Re5+ Kd7 70. Bd5 Rd8 71. Re8 Kc7 72. Rxd8 Kxd8 73. Ke5 Ke7 74. Kf5 Nd7 75. Kg5 Kf8 76. Kxh4 Ne5 77. Bb3 Nc6 78. Kg5 Nxb4 79. h4 Nc6 80. h5 Nd4 81. h6 Nxb3 82. h7 Kxf7 83. h8=Q 1-0


[Site "https://www.chess.com"]

[Event "Titled Tuesday Blitz July 27 2021"]
[White "Radu, David Cr."]
[Black "Piesik, Piotr"]
[WhiteFideId "1265717"]
[BlackFideId "1136194"]
[WhiteElo "1661"]
[BlackElo "2354"]
[Result "0-1"]
[Round "07"]
[TimeControl "180+1"]
[Date "2021.07.27"]
[WhiteClock "0:00:34"]
[BlackClock "0:00:58"]

1. d4 c5 2. c3 Nf6 3. Bf4 d5 4. Nf3 Bf5 5. e3 Nbd7 6. Bd3 Bxd3 7. Qxd3 e6 8. O-O Qb6 9. Nbd2 Be7 10. Rab1 O-O 11. Ne5 Nxe5 12. Bxe5 Nd7 13. Bg3 f5 14. c4 cxd4 15. cxd5 e5 16. Nc4 Qf6 17. f4 Nc5 18. fxe5 Nxd3 19. exf6 Bxf6 20. Rfd1 Nb4 21. exd4 Nxd5 22. Be5 Rac8 23. b3 Nc3 24. Rbc1 Nxd1 25. Rxd1 Rcd8 26. Re1 Rfe8 27. Kf2 Bxe5 28. dxe5 Rd5 29. a4 a6 30. a5 Re6 31. Re3 g6 32. g3 Kf7 33. Kf3 Ke7 34. Rc3 Rc6 35. Re3 Ke6 36. h4 h6 37. g4 fxg4+ 38. Kxg4 Rxc4+ 39. bxc4 Rxa5 40. Rb3 b5 41. cxb5 Rxb5 42. Rc3 Rb4+ 43. Kg3 Rb6 44. Kf4 a5 45. Rc5 Ra6 46. Rc3 a4 47. Ra3 Ra5 48. Kg4 Kxe5 49. Kf3 Kd4 50. Ra1 a3 51. Rd1+ Kc3 52. Rd8 a2 53. Rc8+ Kb2 54. Rb8+ Ka3 55. Rg8 a1=Q 56. Rxg6 Rf5+ 57. Kg4 Qf1 58. Ra6+ Kb4 59. Rb6+ Kc5 60. Rxh6 Qf3# 0-1


[Site "https://www.chess.com"]

[Event "Titled Tuesday Blitz July 27 2021"]
[White "Rodriguez Hernandez, Luis Daniel"]
[Black "Saravana, Krishnan P."]
[WhiteFideId "3506770"]
[BlackFideId "5018382"]
[WhiteElo "2695"]
[BlackElo "2511"]
[Result "1-0"]
[Round "07"]
[TimeControl "180+1"]
[Date "2021.07.27"]
[WhiteClock "0:00:08"]
[BlackClock "0:00:19"]

1. e4 e6 2. d4 d5 3. exd5 exd5 4. Nf3 Nf6 5. Bd3 c5 6. O-O Nc6 7. Re1+ Be7 8. dxc5 O-O 9. Be3 Ng4 10. Nc3 Nxe3 11. fxe3 Bxc5 12. Nxd5 Re8 13. c4 Be6 14. Kh1 Qd6 15. e4 Rad8 16. e5 Qf8 17. Ng5 h6 18. Nh7 Bxd5 19. Nxf8 Bxc4 20. Bh7+ Kxf8 21. Qc1 Nxe5 22. b3 Bb4 23. Rxe5 Rxe5 24. Qxc4 Be1 25. Be4 Bh4 26. Bxb7 Bf6 27. Rf1 Re7 28. Bf3 Red7 29. Qb4+ Kg8 30. h3 Rd2 31. Qa5 R8d7 32. Bc6 R7d6 33. Qxa7 g6 34. Bb5 Kg7 35. Bc4 Rd7 36. Qe3 R2d6 37. a4 Re7 38. Qc5 Be5 39. a5 Bg3 40. Qb4 Red7 41. Qc3+ Be5 42. Qxe5+ f6 43. Qe8 1-0


[Site "https://www.chess.com"]

[Event "Titled Tuesday Blitz July 27 2021"]
[White "Rustemov, Alexander"]
[Black "De Silva, L M S T"]
[WhiteFideId "4119002"]
[BlackFideId "9953698"]
[WhiteElo "2798"]
[BlackElo "1621"]
[Result "1-0"]
[Round "07"]
[TimeControl "180+1"]
[Date "2021.07.27"]
[WhiteClock "0:01:25"]
[BlackClock "0:01:21"]

1. d4 Nf6 2. c4 e6 3. Nf3 b6 4. g3 Bb7 5. Bg2 g6 6. O-O Bg7 7. Bf4 O-O 8. Nc3 Ne4 9. Nb5 d6 10. Ng5 Nxg5 11. Bxb7 Nh3+ 12. Kg2 Nxf4+ 13. gxf4 Nd7 14. Bxa8 Qxa8+ 15. f3 Qb7 16. e3 a6 17. Nc3 Qc6 18. Qe2 Nf6 19. Rac1 Qd7 20. Ne4 Nh5 21. Rfd1 Qe7 22. Ng3 Nf6 23. c5 b5 24. cxd6 cxd6 25. Rc6 e5 26. fxe5 dxe5 27. d5 h5 28. Ne4 Nxe4 29. fxe4 f5 30. Rxg6 fxe4 31. Kh1 Qh4 32. Qg2 Rf7 33. Rg1 Qe7 34. d6 Qd7 35. Rxg7+ Rxg7 36. Qxg7+ 1-0


[Site "https://www.chess.com"]

[Event "Titled Tuesday Blitz July 27 2021"]
[White "Sadovsky, Artem"]
[Black "Palchuk, Andrii"]
[WhiteFideId "4155840"]
[BlackFideId "14176688"]
[WhiteElo "2442"]
[BlackElo "2284"]
[Result "1-0"]
[Round "07"]
[TimeControl "180+1"]
[Date "2021.07.27"]
[WhiteClock "0:00:07"]
[BlackClock "0:00:06"]

1. Nf3 Nf6 2. g3 g6 3. Bg2 Bg7 4. O-O O-O 5. c4 c5 6. b3 Nc6 7. Bb2 d6 8. d4 cxd4 9. Nxd4 Bd7 10. e3 Re8 11. Nc3 Qc8 12. Rc1 Bh3 13. Nd5 Bxg2 14. Kxg2 e6 15. Nxf6+ Bxf6 16. Qd2 Nxd4 17. Bxd4 Qc6+ 18. f3 e5 19. Bb2 Rad8 20. e4 Bg7 21. Rfd1 Kh8 22. c5 f5 23. cxd6 Qd7 24. Rc7 Qe6 25. Qd5 Qf6 26. Rxb7 fxe4 27. Qxe4 Rxd6 28. Rxd6 Qxd6 29. Bc3 Rc8 30. Rxg7 Rxc3 31. Rxa7 Rc8 32. Qb7 Rc2+ 33. Kh3 Qe6+ 34. g4 Qg8 35. Qe7 Rc6 36. Qxe5+ 1-0


[Site "https://www.chess.com"]

[Event "Titled Tuesday Blitz July 27 2021"]
[White "Salinas Herrera, Pablo"]
[Black "Goncalves, Ivan Mesquita V"]
[WhiteFideId "3407128"]
[BlackFideId "2114224"]
[WhiteElo "2541"]
[BlackElo "2299"]
[Result "0-1"]
[Round "07"]
[TimeControl "180+1"]
[Date "2021.07.27"]
[WhiteClock "0:00:43"]
[BlackClock "0:00:23"]

1. d4 Nf6 2. Nf3 g6 3. Nbd2 d5 4. e3 Bg7 5. b4 O-O 6. c4 a5 7. b5 c6 8. a4 Ne4 9. Qb3 Be6 10. Be2 c5 11. O-O dxc4 12. Bxc4 Nxd2 13. Bxd2 Bxc4 14. Qxc4 cxd4 15. exd4 Nd7 16. Rfe1 Nb6 17. Qe2 Nd5 18. Rac1 Qd6 19. Ne5 Qa3 20. Qe4 e6 21. Nd7 Rfd8 22. Nc5 b6 23. Bg5 Re8 24. Nb7 Qxa4 25. Nd6 Rf8 26. Rc4 Qa3 27. h4 Qxd6 0-1


[Site "https://www.chess.com"]

[Event "Titled Tuesday Blitz July 27 2021"]
[White "Samadov, Read"]
[Black "Elgersma, Onno"]
[WhiteFideId "13417444"]
[BlackFideId "1053531"]
[WhiteElo "2084"]
[BlackElo "2466"]
[Result "1-0"]
[Round "07"]
[TimeControl "180+1"]
[Date "2021.07.27"]
[WhiteClock "0:02:19"]
[BlackClock "0:00:44"]

1. d4 d5 2. c4 e6 3. Nf3 Nf6 4. Nc3 a6 5. cxd5 exd5 6. Bg5 Be6 7. Qb3 b5 8. Rc1 c6 9. e3 Bd6 10. a3 O-O 11. Be2 Nbd7 12. Na2 c5 13. dxc5 Nxc5 14. Qd1 d4 15. Nb4 dxe3 16. Bxe3 Nb3 17. Rc6 Bxb4+ 18. axb4 Qxd1+ 19. Bxd1 Rac8 20. Rxe6 fxe6 21. Bxb3 1-0


[Site "https://www.chess.com"]